 Dungeon Crawl Stone Soup version 0.28-a0-1524-ge72afd5fc6 (webtiles) character file.

Game seed: 14385641229580691107

263 fragbeetle the Cudgeller (level 5, -4/53 HPs)
             Began as a Troll Berserker on Jan 18, 2022.
             Was a Believer of Trog.
             Killed from afar by an orc wizard (5 damage)
             ... with a magic dart
             ... on level 3 of the Dungeon.
             The game lasted 00:04:07 (1762 turns).

fragbeetle the Cudgeller (Troll Berserker)          Turns: 1762, Time: 00:04:09

Health: -4/53      AC:  4    Str: 27    XL:     5   Next: 98%
Magic:  4/4        EV: 10    Int:  3    God:    Trog [**....]
Gold:   115        SH:  0    Dex:  9    Spells: 4/4 levels left

rFire   . . .      SeeInvis .   a - +0 mace
rCold   . . .      Faith    .   (no shield)
rNeg    . . .      Spirit   .   b - +0 animal skin
rPois   .          Reflect  .   (helmet restricted)
rElec   .          Harm     .   (no cloak)
rCorr   .          Rampage  .   (gloves unavailable)
Will    .....                   (boots unavailable)
Stlth   +.........              (no amulet)
HPRegen 0.97/turn               (no ring)
MPRegen 0.09/turn               (no ring)

@: confused, brilliant
A: large, unfitting armour, claws 3, regeneration 1, shaggy fur 1, tough skin 1
a: Renounce Religion, Berserk, Trog's Hand


You were on level 3 of the Dungeon.
You worshipped Trog.
Trog was pleased with you.
You visited 1 branch of the dungeon, and saw 3 of its levels.

You collected 115 gold pieces.

Inventory:

Hand Weapons
 a - a +0 mace (weapon)
Missiles
 g - 23 stones
 j - 8 poisoned darts
 k - 2 boomerangs (quivered)
Armour
 b - a +0 animal skin (worn)
Scrolls
 e - a scroll of vulnerability {unknown}
 f - 2 scrolls of fear {unknown}
 h - 4 scrolls of identify {unknown}
 i - a scroll of teleportation {unknown}
Potions
 d - a potion of attraction {unknown}
 l - a potion of magic
 m - a potion of haste {unknown}
 n - a potion of resistance {unknown}


   Skills:
 + Level 3.3 Fighting
 * Level 4.4 Maces & Flails
 + Level 1.7 Throwing
 + Level 3.3 Dodging


You had 4 spell levels left.
You didn't know any spells.
Your spell library was empty.

Dungeon Overview and Level Annotations

Branches:
Dungeon (3/15)

Altars:
Dithmenos
Kikubaaqudgha
Makhleb
Qazlal


Innate Abilities, Weirdness & Mutations

You are too large for most types of armour.
You have claws for hands.
Your natural rate of healing is unusually fast.
You are covered in fur. (AC +1)
You have tough skin. (AC +1)


Message History

The orc wizard hits you but does no damage.
Something hits you but does no damage. The orc closely misses you.
Unknown command.
You hit the orc wizard.
The orc wizard is almost dead.
The orc wizard hits you with a +0 dagger.
You hear some strange, mumbled words.
You are confused.
The orc barely misses you.
The orc wizard hits you with a +0 dagger.
You bump into the rock wall.
Something hits you. The orc barely misses you.
The orc wizard casts a spell.
The orc wizard flickers and vanishes!
Unknown command.
Okay, then.
You bump into the rock wall.
Something hits you.
* * * LOW HITPOINT WARNING * * *
The orc hits you with a +0 falchion.
* * * LOW HITPOINT WARNING * * *
You hear some strange, mumbled words.
Something tries to affect you, but you resist.
Unknown command.
You closely miss the orc. Something hits you.
* * * LOW HITPOINT WARNING * * *
The orc hits you with a +0 falchion.
* * * LOW HITPOINT WARNING * * *
Something hits you.
* * * LOW HITPOINT WARNING * * *
It was a potion of magic.
Magic courses through your body. Something hits you but does no damage.
The orc barely misses you. Something hits you.
* * * LOW HITPOINT WARNING * * *
It was a potion of brilliance.
You feel clever all of a sudden. Something hits you but does no damage.
The orc hits you with a +0 falchion.
* * * LOW HITPOINT WARNING * * *
You hear some strange, mumbled words.
A magic dart appears from out of thin air!
The magic dart hits you.
You die...

. ##...# ..
#..### # !..
###...#### ....
#...#.#... .....
#.......##
.....$####
###.#####..#
...o.o...####...#
##..
......##o.......#
### ..###
#@{...##.##
......{.###....#
..########..####
#....#
#.##.###########
...
#...........##
....
#.#########...
### #... ####
##..#


You could see an orc.

Vanquished Creatures
  Grinder (D:3)
  An adder (D:2)
  A worm (D:2)
  2 dart slugs
  2 orcs (D:3)
  3 ball pythons
  2 bats (D:2)
  6 endoplasms
  3 giant cockroaches
  A goblin (D:2)
  5 hobgoblins
  5 jackals
  2 quokkas (D:2)
  2 frilled lizards (D:1)
  3 kobolds
  5 rats
44 creatures vanquished.

Vanquished Creatures (others)
  5 toadstools (D:1)
5 creatures vanquished.

Grand Total: 49 creatures vanquished

Notes
Turn   | Place    | Note
-------+----------+-------------------------------------------
     0 | D:1      | fragbeetle the Troll Berserker began the quest for the Orb.
     0 | D:1      | Reached XP level 1. HP: 22/22 MP: 0/0
    94 | D:1      | You fall into a shaft and drop 1 floor!
   205 | D:1      | Reached skill level 3 in Maces & Flails
   205 | D:1      | Reached XP level 2. HP: 27/29 MP: 1/1
   758 | D:2      | Reached XP level 3. HP: 36/36 MP: 2/2
   794 | D:2      | Reached ** piety under Trog
  1532 | D:3      | Found a shadowy altar of Dithmenos.
  1532 | D:3      | Noticed Grinder
  1533 | D:3      | Found an ancient bone altar of Kikubaaqudgha.
  1554 | D:3      | Paralysed by Grinder for 4 turns
  1560 | D:3      | Killed Grinder
  1561 | D:3      | Reached skill level 4 in Maces & Flails
  1561 | D:3      | Reached skill level 1 in Throwing
  1561 | D:3      | Reached XP level 4. HP: 12/45 MP: 3/3
  1561 | D:3      | Reached XP level 5. HP: 14/53 MP: 4/4
  1598 | D:3      | Found a stormy altar of Qazlal.
  1598 | D:3      | Found a burning altar of Makhleb.
  1762 | D:3      | HP: 1/53 [orc (4)]
  1762 | D:3      | Killed from afar by an orc wizard

Illustrated notes

Levels and vault maps discovered:
D:1:      ldierk_walled_garden, layout_loops_cross
D:2:      minmay_evil_eye, layout_basic, nrook_campfire
D:3:      layout_rooms, chequers_temple_overflow_statue_of_worship,
          minmay_cut_off, uniq_grinder, uniq_ijyb, uniq_robin

Skill      XL: |  1  2  3 |
---------------+----------+-----
Maces & Flails | 3 4 |  4.4
Fighting       | 3 |  3.3
Throwing       | 1 |  1.7
Dodging        | 3 |  3.3

Action                   |  1- 3 |  4- 6 || total
-------------------------+-------+-------++-------
Melee: Mace              |   130 |    32 ||   162
Throw: Boomerang         |     1 |       ||     1
Invok: Berserk           |     1 |       ||     1
       Trog's Hand       |     1 |       ||     1
  Use: Potion            |       |     2 ||     2
Armor: Animal skin       |    45 |    18 ||    63
Dodge: Dodged            |    77 |    21 ||    98

Table legend: (Time is in decaauts)
 A = Elapsed time spent in this place.
 B = Non-inter-level travel time spent in this place.
 C = Inter-level travel time spent in this place.
 D = Time resting spent in this place.
 E = Time spent auto-exploring this place.
 F = Levels seen in this place.
 G = Mean time per level.
                   A        B        C        D        E       F      G
               +--------+--------+--------+--------+--------+-----+--------+
         Total |   1815 |   1758 |     57 |     36 |   1230 |   3 |  605.0 |
       Dungeon |   1815 |   1758 |     57 |     36 |   1230 |   3 |  605.0 |
               +--------+--------+--------+--------+--------+-----+--------+

Top non-repeatable levels by time:
     D:2: 920 daAuts
     D:1: 677 daAuts
     D:3: 217 daAuts
